 Dungeon Crawl Stone Soup version 0.19.5 (console) character file.

70 Kloppie the Skirmisher (level 4, -1/63 HPs)
             Began as a Minotaur Fighter on Mar 12, 2017.
             Slain by a frilled lizard (2 damage)
             ... on level 2 of the Dungeon.
             The game lasted 00:01:36 (656 turns).

Kloppie the Skirmisher (Minotaur Fighter)            Turns: 656, Time: 00:01:37

Health: -1/63      AC: 22    Str: 26    XL:     4   Next: 3%
Magic:  3/3        EV:  2    Int:  5    God:
Gold:   81         SH: 10    Dex: 10    Spells: 0 memorised, 3 levels left

rFire  . . .     SeeInvis .     a - +0 long sword
rCold  . . .     Gourm    .     (armour currently unavailable)
rNeg   + + +     Faith    .     c - +0 shield
rPois  +         Spirit   .     (helmet currently unavailable)
rElec  .         Reflect  .     (cloak currently unavailable)
rCorr  .         Harm     .     (gloves currently unavailable)
MR     .....     NoTele   +     (boots currently unavailable)
Stlth  +.........               (no amulet)
                                (no ring)
                                (no ring)

@: mighty, tree-form (expiring)
A: (retaliatory headbutt), (horns 0)
a: no special abilities


You were on level 2 of the Dungeon.
You were not hungry.
You were a tree.
You visited 1 branch of the dungeon, and saw 2 of its levels.

You collected 81 gold pieces.

Inventory:

Hand Weapons
 a - a +0 long sword (weapon)
Armour
 b - a +0 scale mail (melded)
 c - a +0 shield (worn)
 i - a +2 pair of boots (melded)
Jewellery
 p - a cursed ring of loudness {unknown}
Scrolls
 e - a scroll of enchant armour {unknown}
 k - 3 scrolls of identify {unknown}
 l - a scroll of recharging {unknown}
 n - a scroll of remove curse {unknown}
 o - a scroll of teleportation {unknown}
 q - a scroll of blinking {unknown}
Potions
 m - a potion of degeneration {unknown}
Comestibles
 f - a bread ration
 g - a slice of pizza
 h - 5 chunks of flesh
 j - a royal jelly
 r - 2 beef jerkies


   Skills:
 * Level 5.4 Fighting
 + Level 3.4 Long Blades
 - Level 3.6 Armour
 - Level 3.6 Shields


You had 3 spell levels left.
You didn't know any spells.

Dungeon Overview and Level Annotations

Branches:
Dungeon (2/15)

Altars:
Zin


Innate Abilities, Weirdness & Mutations

((You reflexively headbutt those who attack you in melee.))
((You have a pair of horns on your head.))


Message History

Terence is moderately wounded.
Your transformation is almost over.
The bat hits you.
* * * LOW HITPOINT WARNING * * *
Terence hits you but does no damage.
The frilled lizard bites you but does no damage.
You slash Terence!
Terence is almost dead.
You block the bat's attack. You block the frilled lizard's attack.
Terence hits you but does no damage.
You are electrocuted!
* * * LOW HITPOINT WARNING * * *
The frilled lizard unfolds its giant frill.
The frilled lizard bites you but does no damage.
Terence zaps a wand.
You resist with significant effort.
You slash Terence!
You kill Terence!
You have reached level 4!
You feel stronger. You block the bat's attack. The frilled lizard bites you.
You die...

#.#. .... #... ...
######.### .?.....!.
#...w.## #...l..#
#..b♣#.## # #..).#..#
#.######## #....##.#
#........# #....##.##
#........'
......##..###........#
....######.##.......#.#
..... #..#.......#(#
..... ##.#.......#.#
#.##+######.#


You could see a worm, a bat and a frilled lizard.

Vanquished Creatures
  Terence (D:2)
  Ijyb (D:2)
  A dart slug (D:2)
  A leopard gecko (D:1)
  A goblin (D:1)
  A hobgoblin (D:1)
  A quokka (D:2)
  2 bats
  4 frilled lizards (D:1)
  5 kobolds (D:1)
  2 rats (D:1)
20 creatures vanquished.

Notes
Turn   | Place    | Note
-------+----------+-------------------------------------------
     0 | D:1      | Kloppie the Minotaur Fighter began the quest for the Orb.
     0 | D:1      | Reached XP level 1. HP: 19/19 MP: 0/0
   220 | D:1      | Reached skill level 4 in Fighting
   228 | D:1      | Found a glowing silver altar of Zin.
   264 | D:1      | Reached XP level 2. HP: 27/27 MP: 1/1
   455 | D:2      | Noticed Ijyb
   472 | D:2      | Killed Ijyb
   472 | D:2      | Reached XP level 3. HP: 33/35 MP: 2/2
   528 | D:2      | Reached skill level 5 in Fighting
   641 | D:2      | Noticed Terence
   655 | D:2      | HP: 1/54 [Terence/falchion of electrocution (11)]
   656 | D:2      | Killed Terence
   656 | D:2      | Reached XP level 4. HP: 1/42 MP: 3/3
   656 | D:2      | Slain by a frilled lizard

Skill      XL: |  1  2  3 |
---------------+----------+-----
Fighting       | 4 5 |  5.4
Long Blades    | 3 |  3.4
Armour         | |  3.6
Shields        | |  3.6

Action                   |  1- 3 |  4- 6 || total
-------------------------+-------+-------++-------
Melee: Long sword        |    57 |       ||    57
       Headbutt          |     5 |       ||     5
  Use: Potion            |     1 |       ||     1
Armor: Scale mail        |    18 |       ||    18
       Skin              |     9 |       ||     9
Dodge: Dodged            |     8 |       ||     8
Block: Shield            |    27 |     1 ||    28
       Rpst.: Long sword |     1 |       ||     1
